Map: Blackpink LE

Players

PapaSchlumpf - Winner!

  • Race: Zerg Zerg
  • Spawn Location: 7:00

Lupi

  • Race: Protoss Protoss
  • Spawn Location: 1:00

VOD

Have the link to the VOD?

Description

Time

  • Played on: May 1, 2018, 3:29 a.m.
  • Length: 11:46
Show
View Real Time Build Order
Export as new Build Order

PapaSchlumpf Zerg - Winner!

Build Orders: Hatch First 

Get SALT Encoding   

  12  0:01  Drone  
  13  0:10  Drone  
  14  0:15  Extractor  
  14  0:16  Drone  
  15  0:24  Overlord  
  15  0:42  Drone x2  
  17  0:44  Drone  
  18  0:59  Hatchery  
  18  1:01  Drone  
  18  1:04  Extractor  
  17  1:13  Spawning Pool  
  17  1:16  Drone  
  17  1:29  Drone x2  
  19  1:47  Hatchery  
  18  1:55  Drone  
  19  2:01  Queen  
  21  2:08  Drone  
  21  2:12  Overlord  
  22  2:18  Overlord  
  22  2:22  Drone  
  23  2:25  Drone  
  23  2:28  Drone  
  25  2:37  Pneumatized Carapace  
  25  2:41  Drone x2  
  27  2:45  Drone x2  
  29  2:58  Drone x2  
  31  3:10  Drone  
  31  3:11  Drone  
  33  3:13  Drone  
  33  3:16  Drone  
  33  3:18  Drone, Hatchery  
  35  3:20  Drone  
  35  3:26  Lair  
  36  3:28  Drone  
  36  3:30  Drone  
  36  3:32  Drone  
  39  3:34  Extractor  
  39  3:36  Drone, Extractor  
  39  3:37  Drone  
  39  3:39  Drone  
  40  3:51  Drone x5  
  45  3:59  Drone  
  45  4:00  Drone x2  
  48  4:13  Drone x2  
  48  4:15  Overlord  
  50  4:17  Overlord  
  50  4:19  Overlord  
  50  4:27  Hatchery  
  49  4:36  Infestation Pit  
  49  4:38  Extractor  
  47  4:39  Queen, Extractor  
  45  5:11  Drone x3  
  45  5:12  Extractor x2  
  45  5:16  Hive  
  45  5:17  Drone  
  44  5:31  Drone  
  45  5:43  Drone x3  
  45  5:48  Drone  
  49  5:56  Drone x3  
  52  6:09  Drone x2  
  49  6:29  Ultralisk Cavern  
  45  6:38  Extractor  
  44  6:40  Extractor  
  43  6:47  Overlord  
  43  6:48  Overlord  
  43  6:49  Overlord  
  43  7:16  Ultralisk x3  
  43  7:17  Chitinous Plating  
  43  7:20  Ultralisk  
  67  7:34  Hatchery  
  67  7:35  Extractor  
  65  7:37  Hatchery, Extractor  
  65  7:39  Spawning Pool  
  65  7:40  Extractor  
  65  7:41  Extractor  
  60  7:44  Drone x2  
  62  7:53  Ultralisk x2  
  75  8:06  Spawning Pool  
  75  8:08  Ultralisk  
  75  8:10  Drone  
  75  8:11  Drone x2  
  83  8:15  Drone  
  83  8:17  Overlord  
  83  8:18  Overlord  
  84  8:22  Overlord  
  84  8:42  Ultralisk x2  
  93  9:08  Ultralisk  
  99  9:12  Drone x2  
  99  9:13  Drone  
  99  9:14  Drone x3  
  105  9:32  Drone x3  
  105  9:34  Extractor  
  105  9:35  Drone x3  
  104  10:18  Ultralisk  
  104  10:19  Ultralisk  
  110  10:48  Overlord x2  
  110  10:49  Overlord x3  
Show
View Real Time Build Order
Export as new Build Order

Lupi Protoss 

Build Orders:  

Get SALT Encoding   

  12  0:09  Pylon  
  12  0:12  Probe  
  13  0:20  Probe  
  13  0:28  Probe  
  15  0:38  Gateway  
  15  0:42  Probe  
  16  0:49  Assimilator  
  16  0:55  Assimilator  
  16  0:57  Probe  
  17  1:07  Gateway  
  17  1:11  Probe  
  18  1:17  Zealot  
  18  1:18  Pylon  
  18  1:23  Probe  
  21  1:35  Probe  
  22  1:43  Zealot  
  24  2:03  Nexus  
  24  2:15  Zealot x2  
  28  2:23  Pylon  
  28  2:25  Probe  
  29  2:37  Pylon  
  29  2:42  Zealot x2  
  33  2:45  Probe  
  34  2:58  Cybernetics Core  
  34  3:07  Forge  
  34  3:11  Zealot  
  36  3:16  Zealot  
  38  3:38  Zealot  
  40  3:44  Sentry  
  42  3:49  Shield Battery  
  42  3:52  Probe  
  42  3:55  Photon Cannon  
  43  3:58  Probe  
  43  4:00  Probe  
  44  4:05  Stalker  
  44  4:06  Probe  
  48  4:57  Stalker  
  48  4:58  Zealot  
  52  5:06  Probe  
  53  5:10  Probe  
  54  5:18  Probe  
  55  5:22  Probe  
  55  5:26  Sentry  
  58  5:31  Probe  
  58  5:34  Probe  
  60  5:43  Probe  
  60  5:46  Probe  
  62  6:05  Pylon  
  62  6:22  Nexus  
  62  6:23  Probe x2, Zealot, Sentry  
  68  6:49  Stalker  
  70  6:57  Assimilator  
  70  7:00  Assimilator  
  70  7:07  Pylon  
  70  7:10  Pylon  
  70  7:19  Stargate  
  70  7:21  Robotics Facility  
  70  7:25  Probe, Stalker, Sentry  
  75  7:37  Probe  
  76  7:49  Probe  
  77  7:51  Zealot  
  67  8:16  Shield Battery  
  67  8:19  Photon Cannon  
  67  8:22  Photon Cannon  
  67  8:25  Probe  
  67  8:26  Photon Cannon  
  68  8:37  Probe  
  69  8:43  Probe  
  70  8:49  Probe  
  72  8:55  Probe  
  72  9:01  Probe  
  73  9:03  Stalker x2  
  73  9:06  Void Ray  
  73  9:07  Probe  
  82  9:13  Probe, Immortal  
  63  9:26  Photon Cannon  
  63  9:27  Photon Cannon  
  61  9:33  Zealot  
  61  9:34  Sentry  
  53  9:49  Void Ray  
  43  9:53  Shield Battery  
  37  10:00  Photon Cannon  
  37  10:02  Photon Cannon  
  37  10:04  Photon Cannon  
  37  10:05  Photon Cannon  
  37  10:06  Photon Cannon  
  30  10:07  Sentry  
  30  10:08  Photon Cannon, Zealot  
  30  10:09  Photon Cannon  
Tags
 
Matchup
PvZ
Spawn Locations
Cross Positions
Add a new tag
Caveats
  • Supply blocks, unpowered buildings, or Contaminate may cause inaccurate times.
  • Supply counts are checked every 10 seconds.